 Dungeon Crawl Stone Soup version 0.29-a0-982-gaed3a0c8d8 (webtiles) character file.

Game seed: 8144569850496616735

27 ytrimaz the Chopper (level 2, 0/24 HPs)
             Began as a Demonspawn Fighter on Aug 1, 2022.
             Succumbed to a scorpion's poison
             ... on level 2 of the Dungeon.
             The game lasted 00:01:09 (1255 turns).

ytrimaz the Chopper (Demonspawn Fighter)            Turns: 1255, Time: 00:01:09

Health: 0/24       AC:  6    Str: 16    XL:     2   Next: 93%
Magic:  2/2        EV:  8    Int:  9    God:
Gold:   100        SH:  4    Dex: 12    Spells: 1/1 levels left

rFire   . . .      SeeInvis .   a - +1 war axe (venom)
rCold   . . .      Faith    .   c - +0 buckler
rNeg    . . .      Spirit   .   b - +0 scale mail
rPois   .          Reflect  .   (no helmet)
rElec   .          Harm     .   (no cloak)
rCorr   .          Rampage  .   (no gloves)
Will    .....                   (no boots)
Stlth   ..........              (no amulet)
HPRegen 0.08/turn               (no ring)
MPRegen 0.08/turn               (no ring)

@: lethally poisoned (0 -> -8), flying
A: spiny 1
a: no special abilities


You were on level 2 of the Dungeon.
You visited 1 branch of the dungeon, and saw 2 of its levels.

You collected 100 gold pieces.

Inventory:

Hand Weapons
 a - a +1 war axe of venom (weapon)
Armour
 b - a +0 scale mail (worn)
 c - a +0 buckler (worn)
Jewellery
 i - a ring of wizardry
Scrolls
 f - 2 scrolls of enchant weapon
 g - a scroll of poison {unknown}
Potions
 d - a potion of might
 h - a potion of degeneration {unknown}


   Skills:
 - Level 3.0 Fighting
 + Level 3.1 Axes
 - Level 2.6 Armour
 - Level 2.6 Shields


You had one spell level left.
You didn't know any spells.
Your spell library was empty.

Dungeon Overview and Level Annotations

Branches:
Dungeon (2/15)

Altars:


Innate Abilities, Weirdness & Mutations

You are partially covered in sharp spines.


Message History

A ball python is nearby!
You hit the ball python.
You kill the ball python!
You see here a ball python corpse.
A scorpion comes into view.
A goblin comes into view. It is wielding a +0 club.
The goblin shouts!
You hear a shout!
You block the scorpion's attack.
You hear a shout!
There are monsters nearby!
There are monsters nearby!
You closely miss the scorpion.
The scorpion stings you but does no damage. x2
A goblin comes into view. It is wielding a +0 sling.
You completely miss the scorpion. You block the scorpion's attack.
The scorpion stings you.
You hit the scorpion.
The scorpion is poisoned.
The scorpion is lightly wounded.
You hit the goblin but do no damage.
The goblin is poisoned.
You block the goblin's attack. The scorpion is struck by your spines.
The scorpion stings you.
You barely miss the scorpion.
The scorpion is heavily wounded.
You hit the goblin.
You kill the goblin!
A kobold comes into view. It is wielding a +0 dagger.
The scorpion is struck by your spines. The scorpion stings you.
The goblin shoots a sling bullet.
The sling bullet hits you.
* * * LOW HITPOINT WARNING * * *
The goblin shoots a sling bullet.
The sling bullet barely misses you. The scorpion is struck by your spines.
The scorpion stings you.
* * * LOW HITPOINT WARNING * * *
You are lethally poisoned!
The scorpion poisons you!
Unknown command.
Unknown command.
It was a potion of flight.
You feel very buoyant.
You fly up into the air.
You die...

## ####...# #
#......####
####.##.....(#
#.....#...##<#
###.###.#...##.## #
....# #.......#.####.#
# ###.###.#..>##.##...
... #
#.........##.##s#gK...
#
#####.#....†..@)....#
# #.##.######.#...# #
#.##.# ... ... #
#.##.# ..... . #
#..... ....... ......
#....## ##..... ....#
..... ....# #^....#


You could see a scorpion (very poisoned), a goblin and a kobold.

Vanquished Creatures
  4 ball pythons
  2 endoplasms (D:1)
  4 giant cockroaches (D:1)
  2 hobgoblins (D:1)
  2 bats
  A frilled lizard (D:1)
  5 goblins
  A kobold (D:1)
  4 rats
  A spectral goblin (D:1)
26 creatures vanquished.

Notes
Turn   | Place    | Note
-------+----------+-------------------------------------------
     0 | D:1      | ytrimaz the Demonspawn Fighter began the quest for the Orb.
     0 | D:1      | Reached XP level 1. HP: 18/18 MP: 1/1
   416 | D:1      | Gained mutation: You are partially covered in sharp spines.
                  | [demonic ancestry]
   416 | D:1      | Reached XP level 2. HP: 23/24 MP: 2/2
   542 | D:1      | Found a faded altar of an unknown god.
  1249 | D:2      | Noticed a scorpion
  1255 | D:2      | Succumbed to a scorpion's poison

Illustrated notes

Levels and vault maps discovered:
D:1:      dpeg_arrival_pits, layout_basic,
          dreamdust_ecumenical_altar_drowned_temple
D:2:      layout_loops_cross

Skill      XL: |  1  2 |
---------------+-------+-----
Axes           | 2 3 |  3.1
Fighting       | |  3.0
Armour         | |  2.6
Shields        | |  2.6

Action                   || total
-------------------------++-------
Melee: War axe           ||    57
  Use: Scroll            ||     3
       Potion            ||     1
Armor: Scale mail        ||    32
Dodge: Dodged            ||    24
Block: Buckler           ||    17

Table legend: (Time is in decaauts)
 A = Elapsed time spent in this place.
 B = Non-inter-level travel time spent in this place.
 C = Inter-level travel time spent in this place.
 D = Time resting spent in this place.
 E = Time spent auto-exploring this place.
 F = Levels seen in this place.
 G = Mean time per level.
                   A        B        C        D        E       F      G
               +--------+--------+--------+--------+--------+-----+--------+
         Total |   1282 |   1282 |      0 |      0 |   1054 |   2 |  641.0 |
       Dungeon |   1282 |   1282 |      0 |      0 |   1054 |   2 |  641.0 |
               +--------+--------+--------+--------+--------+-----+--------+

Top non-repeatable levels by time:
     D:1: 929 daAuts
     D:2: 352 daAuts
